 Dungeon Crawl Stone Soup version 0.28.0-53-g5a82cb258f (webtiles) character file.

Game seed: 5517632002613282743

45 Sin92 the Skirmisher (level 3, -1/29 HPs)
             Began as a Demonspawn Fighter on July 11, 2022.
             Slain by a hobgoblin (4 damage)
             ... on level 2 of the Dungeon.
             The game lasted 00:01:04 (1754 turns).

Sin92 the Skirmisher (Demonspawn Fighter)           Turns: 1754, Time: 00:01:04

Health: -1/29      AC:  6    Str: 16    XL:     3   Next: 42%
Magic:  3/3        EV:  9    Int:  9    God:
Gold:   78         SH:  5    Dex: 14    Spells: 2/2 levels left

rFire   . . .      SeeInvis .   a - +0 long sword
rCold   . . .      Faith    .   c - +0 buckler
rNeg    . . .      Spirit   .   b - +0 scale mail
rPois   .          Reflect  .   (helmet restricted)
rElec   .          Harm     .   (no cloak)
rCorr   .          Rampage  .   (no gloves)
Will    .....                   (no boots)
Stlth   ..........              (no amulet)
HPRegen 0.09/turn               (no ring)
MPRegen 0.08/turn               (no ring)

@: no status effects
A: horns 2
a: no special abilities


You were on level 2 of the Dungeon.
You visited 1 branch of the dungeon, and saw 2 of its levels.

You collected 78 gold pieces.

Inventory:

Hand Weapons
 a - a +0 long sword (weapon)
Armour
 b - a +0 scale mail (worn)
 c - a +0 buckler (worn)
Jewellery
 g - a ring of resist corrosion
Scrolls
 e - a scroll of teleportation {unknown}
 i - a scroll of brand weapon {unknown}
Potions
 d - a potion of might


   Skills:
 + Level 3.3 Fighting
 + Level 2.1 Long Blades
 + Level 3.0 Armour
 + Level 1.0 Dodging
 + Level 1.0 Stealth
 + Level 2.9 Shields


You had 2 spell levels left.
You didn't know any spells.
Your spell library contained the following spells:

 Spells                   Type           Power      Damage    Failure   Level
 Magic Dart               Conj           0%         1d3       88%         1
 Call Imp                 Summ           0%         N/A       96%         2
 Mephitic Cloud           Conj/Pois/Air  0%         N/A       99%         3


Dungeon Overview and Level Annotations

Branches:
Dungeon (2/15)

Altars:


Innate Abilities, Weirdness & Mutations

You have a pair of horns on your head.


Message History

You see here a scroll labelled WUAPTI REFIRGH.
The adder hisses angrily.
Things that are here:
a +0 flail; a +0 scale mail A kobold comes into view.
It is wielding a +0 short sword.
The kobold shouts!
It was a potion of magic.
Magic courses through your body. The ball python closely misses you.
The ball python completely misses you.
It was a potion of curing.
You feel better. You block the ball python's attack. x2
The kobold hits you but does no damage.
You slash the ball python!
You kill the ball python!
The kobold hits you but does no damage. The adder bites you but does no damage.
You hit the adder. Your headbutt misses the adder.
The adder is severely wounded.
You block the kobold's attack. The hobgoblin hits you.
The adder barely misses you. The kobold closely misses you.
The hobgoblin barely misses you.
You barely miss the adder.
The adder is severely wounded.
The adder barely misses you.
The kobold hits you with a +0 short sword.
The adder closely misses you.
The hobgoblin hits you but does no damage.
You hit the adder. Your headbutt misses the adder.
The adder is severely wounded.
The adder bites you.
* * * LOW HITPOINT WARNING * * *
The kobold hits you with a +0 short sword.
* * * LOW HITPOINT WARNING * * *
The hobgoblin closely misses you.
A frilled lizard comes into view.
The adder bites you but does no damage. The kobold barely misses you.
You closely miss the kobold. You headbutt the kobold.
The kobold is severely wounded.
The kobold hits you with a +0 short sword.
* * * LOW HITPOINT WARNING * * *
The hobgoblin hits you.
You die...

≈........#)...# #.
≈.#.#.........# #.
......>l......# #.
#....?..S.... ##
≈≈≈≈≈#.#.......:..##
#
≈≈≈≈88......)...<.#
########
.........#...####.#
###....... ......
##..### # #...##♣'♣#
8≈≈≈≈≈88. ##Sg@#
#.♣♣#.....
#≈≈≈≈##.## ##.##K#
#.♣÷#..8.. ≈≈≈≈≈#
#.###.###.#
#.♣♣#..... ≈≈≈≈≈
#..#..# #.# ##.♣
###+## ≈≈≈≈# #.#.#.#
#.# #..♣ ≈≈≈≈#
#.###........###..♣♣
≈≈≈≈####.#
#####..........♣♣
≈≈≈......#
#.########..♣♣ ♣
≈≈≈#######
#............♣♣ ♣♣


You could see an adder, a hobgoblin and a kobold.

Vanquished Creatures
  Terence (D:2)
  2 bats
  3 endoplasms
  2 hobgoblins (D:1)
  2 kobolds
  A quokka (D:1)
  3 ball pythons
  3 frilled lizards
  2 goblins (D:1)
  A rat (D:2)
20 creatures vanquished.

Notes
Turn   | Place    | Note
-------+----------+-------------------------------------------
     0 | D:1      | Sin92 the Demonspawn Fighter began the quest for the Orb.
     0 | D:1      | Reached XP level 1. HP: 18/18 MP: 1/1
   486 | D:1      | Gained mutation: You have a pair of small horns on your
                  | head. [demonic ancestry]
   486 | D:1      | Reached XP level 2. HP: 22/24 MP: 2/2
  1723 | D:2      | Noticed Terence
  1733 | D:2      | Killed Terence
  1734 | D:2      | Reached skill level 1 in Dodging
  1734 | D:2      | Reached skill level 1 in Stealth
  1734 | D:2      | Gained mutation: You have a pair of horns on your head.
                  | [demonic ancestry]
  1734 | D:2      | Reached XP level 3. HP: 2/29 MP: 3/3
  1754 | D:2      | Slain by a hobgoblin

Illustrated notes

Levels and vault maps discovered:
D:1:      dpeg_arrival_central, layout_basic, minmay_shallow_snake_nest
D:2:      wander_river, layout_loops_ring, dilly_ecumenical_altar_fadedgnrine,
          minmay_pentomino_q4, uniq_jessica, uniq_terence

Skill      XL: |  1  2 |
---------------+-------+-----
Long Blades    | 2 |  2.1
Armour         | 3 |  3.0
Dodging        | 1 |  1.0
Stealth        | 1 |  1.0
Fighting       | |  3.3
Shields        | |  2.9

Action                   || total
-------------------------++-------
Melee: Long sword        ||    55
       Headbutt          ||     5
  Use: Potion            ||     2
Armor: Scale mail        ||    32
Dodge: Dodged            ||    34
Block: Buckler           ||    13
